[Event "Live Chess"]
[Site "Chess.com"]
[Date "2024.06.02"]
[Round "-"]
[White "Duke_of_Bebington"]
[Black "booktrunk"]
[Result "1-0"]
[WhiteElo "1622"]
[BlackElo "1479"]
[TimeControl "300"]
[EndTime "16:52:22 PDT"]
[Termination "Duke_of_Bebington won by resignation"]

1. e4 b6 2. d4 Bb7 3. Bd3 e6 4. Be3 h6 5. Ne2 Nf6 6. f3 Be7 7. Nbc3 c5 8. dxc5 Bxc5 9. Bxc5 bxc5 10. Bb5 a6 11. Ba4 Bc6 12. Qd6 Qe7 13. O-O-O Qxd6 14. Rxd6 Ke7 15. Rhd1 Rd8 16. Bb3 Ne8 17. R6d2 a5 18.
a4 Nc7 19. Nf4 Nba6 20. Nd3 Nb4 21. Nxc5 d6 22. Nd3 f6 23. Kb1 Rab8 24. Ne2 Nca6 25. Ndc1 Nc5 26. Na2 Nxb3 27. cxb3 Nxa2 28. Kxa2 Rd7 29.
Rc2 Bb7 30. Nd4 Ke8 31. Nb5 Ba6 32. Nc7+ Rxc7 33. Rxc7 Rd8 34. Rxg7 Be2 35. Rc1 Bd3 36. Rcc7 1-0

[Event "Live Chess"]
[Site "Chess.com"]
[Date "2024.06.02"]
[Round "-"]
[White "educatedlad"]
[Black "RockTroll"]
[Result "1-0"]
[WhiteElo "1732"]
[BlackElo "2201"]
[TimeControl "300"]
[EndTime "16:52:56 PDT"]
[Termination "educatedlad won by resignation"]

1. d4 Nf6 2. Bg5 g6 3. Bxf6 exf6 4. c4 d5 5. cxd5 Qxd5 6. Nc3 Qd8 7. g3 c5 8. dxc5 Qxd1+ 9. Rxd1 Bxc5 10. Bh3 f5 11.
Nd5 Na6 12. Nf6+ Ke7 13. Nd5+ Kf8 14. Bg2 Kg7 15. Nf3 Be6 16. Nc3 Bb4 17. a3 Bxc3+ 18. bxc3 Rac8 19. Nd4 Rc7 20. O-O b6 21. Nb5 Rxc3 22.
Nxc3 1-0

[Event "Live Chess"]
[Site "Chess.com"]
[Date "2024.06.02"]
[Round "-"]
[White "wadsy27"]
[Black "GwaryTek"]
[Result "1-0"]
[WhiteElo "2581"]
[BlackElo "1917"]
[TimeControl "300"]
[EndTime "16:53:29 PDT"]
[Termination "wadsy27 won on time"]

1. Nf3 d5 2. g3 c5 3. Bg2 Nc6 4.
O-O e5 5. c4 d4 6. d3 Nge7 7.
e3 Ng6 8. exd4 cxd4 9. Re1 Be7 10. h4 f6 11. h5 Nf8 12. Nh4 Be6 13. a3 a5 14. f4 Qd7 15. Qa4 Rb8 16. Qb5 Bf7 17. Nf5 Qxf5 18. Bxc6+ Kd8 19. fxe5 Kc8 20. exf6 Qxb5 21.
Bxb5 Bxf6 22. Bf4 Ra8 23. Nd2 Ne6 24. Ne4 Nxf4 25. gxf4 Bh4 26. Nd6+ Kc7 27. Nxf7 1-0

[Event "Live Chess"]
[Site "Chess.com"]
[Date "2024.06.02"]
[Round "-"]
[White "Queensandpawns"]
[Black "grillage"]
[Result "1-0"]
[WhiteElo "2308"]
[BlackElo "1850"]
[TimeControl "300"]
[EndTime "16:53:34 PDT"]
[Termination "Queensandpawns won by resignation"]

1. e4 d5 2. Nc3 dxe4 3. Nxe4 Bf5 4. Ng5 Nf6 5. N1f3 c6 6. d4 e6 7. Ne5 Bg6 8. h4 h6 9. Nxe6 fxe6 10. Nxg6 Rg8 11. Be3 Nbd7 12. Bc4 Qa5+ 13. c3 Qf5 14. Nf4 Nd5 15. Bd3 Qf6 16. Qh5+ Kd8 17. Nxd5 exd5 18. O-O-O Kc7 19. g4 Bd6 20. g5 hxg5 21. hxg5 Qf8 22. Qg6 Re8 23. Rde1 Bf4 24. Qxe8 Qxe8 25. Bxf4+ 1-0

[Event "Live Chess"]
[Site "Chess.com"]
[Date "2024.06.02"]
[Round "-"]
[White "gobbles19"]
[Black "Plato_77"]
[Result "1-0"]
[WhiteElo "2261"]
[BlackElo "1301"]
[TimeControl "300"]
[EndTime "16:53:36 PDT"]
[Termination "gobbles19 won by resignation"]

1. e4 e6 2. d4 d5 3. Nc3 Bb4 4. e5 c5 5. Bd2 cxd4 6. Nb5 Bxd2+ 7. Qxd2 Qb6 8. Nd6+ Ke7 9. Nxc8+ Kd7 10. Nxb6+ axb6 11. Bb5+ Nc6 12. Nf3 1-0

[Event "Live Chess"]
[Site "Chess.com"]
[Date "2024.06.02"]
[Round "-"]
[White "Silverback7829"]
[Black "mychess51"]
[Result "0-1"]
[WhiteElo "901"]
[BlackElo "1761"]
[TimeControl "300"]
[EndTime "16:53:43 PDT"]
[Termination "mychess51 won on time"]

1. d4 e6 2. Nf3 d5 3. Nc3 Nf6 4. Bf4 c6 5. e3 Bd6 6. Bd3 Bxf4 7. exf4 O-O 8. O-O Qb6 9. Rb1 Nbd7 10. Re1 c5 11. Na4 Qc7 12. b3 a6 13. Nxc5 Nxc5 14. dxc5 Qxc5 15. Qe2 Bd7 16. Ne5 Be8 17. Rbc1 Rc8 18. f5 h6 19. fxe6 fxe6 20. Qf3 Ne4 21. Bxe4 Rxf3 22. Bxf3 b5 23. Bg4 Bf7 24. g3 Rf8 25.
Nd7 Qb4 26. Nxf8 Qxg4 27. Nd7 a5 28. Ne5 Qf5 29. Nxf7 Kxf7 30. Kg2 h5 31. h4 g5 32. c4 bxc4 33. bxc4 gxh4 34. cxd5 Qxd5+ 35. Kf1 hxg3 36. Rc7+ Kf6 37. fxg3 Qf3+ 38. Kg1 Qxg3+ 39. Kh1 Qxe1+ 0-1

[Event "Live Chess"]
[Site "Chess.com"]
[Date "2024.06.02"]
[Round "-"]
[White "MaksymYurii"]
[Black "TheSmoulderingMaster"]
[Result "0-1"]
[WhiteElo "952"]
[BlackElo "1771"]
[TimeControl "300"]
[EndTime "16:54:12 PDT"]
[Termination "TheSmoulderingMaster won by resignation"]

1. e4 c5 2. Nf3 d6 3. Bc4 Nc6 4. d4 cxd4 5. Nxd4 Nf6 6. Nf3 g6 7. Bxf7+ Kxf7 8. Ng5+ Kg7 9. e5 Nxe5 10. f4 Neg4 11.
h3 h6 12. hxg4 hxg5 13. Rxh8 Kxh8 14. fxg5 Nxg4 15. Nc3 Qa5 16. Bd2 Qe5+ 17. Qe2 Qg3+ 18. Kd1 Nf2+ 19. Kc1 Bg4 20. Qe1 Qxg2 21. b3 Bg7 22.
Kb2 Bf5 23. Qxe7 Ne4 24. Qxb7 Rc8 25. Be1 Nxc3 26. Rc1 Ne2+ 27. Ka3 Qxb7 0-1

[Event "Live Chess"]
[Site "Chess.com"]
[Date "2024.06.02"]
[Round "-"]
[White "vincents82"]
[Black "CheckThis4"]
[Result "0-1"]
[WhiteElo "2039"]
[BlackElo "2693"]
[TimeControl "300"]
[EndTime "16:54:40 PDT"]
[Termination "CheckThis4 won by resignation"]

1. e4 e6 2. d4 d5 3. Nd2 Be7 4. exd5 exd5 5. Ndf3 Nf6 6. c3 O-O 7. Bd3 Bg4 8. h3 Bh5 9. g4 Bg6 10. Ne2 Nbd7 11. Bxg6 hxg6 12. Bf4 Re8 13. O-O Nf8 14. Ne5 Ne6 15. Bg3 Ne4 16. f3 Nxg3 17. Nxg3 Bd6 18. f4 Qh4 19. Kg2 Nf8 20. Qf3 f6 21. Nd3 c6 22. Rae1 Ne6 23. Re2 Kf7 24. Rfe1 Qh6 25.
f5 Ng5 26. fxg6+ Qxg6 27. Qf5 Qxf5 28. Nxf5 Rxe2+ 29. Rxe2 Bf8 30. Nf2 g6 31. Ng3 Bd6 32. h4 Ne6 33. h5 Nf4+ 34. Kf3 Nxe2 35. Kxe2 gxh5 36. Nxh5 Re8+ 37. Kf3 Re1 38. Nd3 Rb1 39. Nhf4 Bxf4 40. Kxf4 a5 41. g5 Rf1+ 42. Kg4 Rg1+ 43. Kf4 fxg5+ 44. Kf5 g4 45. Ne5+ Ke7 46. Nxg4 Rg2 47.
Ne5 Rxb2 48. Nd3 Rxa2 0-1

[Event "Live Chess"]
[Site "Chess.com"]
[Date "2024.06.02"]
[Round "-"]
[White "GEMdzq"]
[Black "TigerTank70"]
[Result "1-0"]
[WhiteElo "2301"]
[BlackElo "2238"]
[TimeControl "300"]
[EndTime "16:54:46 PDT"]
[Termination "GEMdzq won by resignation"]

1. e4 e5 2. d4 exd4 3. c3 d3 4.
Bxd3 Nc6 5. Nf3 d5 6. e5 Bg4 7.
O-O Qd7 8. Re1 O-O-O 9. a4 h5 10. a5 a6 11. b4 h4 12. b5 Nb8 13. bxa6 Nxa6 14. Bxa6 bxa6 15. Na3 h3 16. Qd3 c6 17. Qxa6+ Qb7 18. Qd3 hxg2 19. a6 Qa7 20. Be3 Bc5 21. Rab1 Bxf3 22. Bxc5 Qxc5 23. Qxf3 Ne7 24. Qg4+ Rd7 25.
Rb7 Rd8 26. Reb1 1-0

[Event "Live Chess"]
[Site "Chess.com"]
[Date "2024.06.02"]
[Round "-"]
[White "Frankie_Badacsonyi"]
[Black "KeithArkell"]
[Result "0-1"]
[WhiteElo "2424"]
[BlackElo "2420"]
[TimeControl "300"]
[EndTime "16:55:02 PDT"]
[Termination "KeithArkell won by resignation"]

1. d4 e6 2. c4 Bb4+ 3. Bd2 Bxd2+ 4.
Qxd2 Nf6 5. Nc3 d6 6. Nf3 Qe7 7. e3 e5 8. Be2 O-O 9. O-O c6 10. Rfd1 e4 11. Ne1 d5 12. Rac1 Be6 13. cxd5 cxd5 14.
Nc2 Nc6 15. Na1 Rad8 16. Nb3 Bg4 17. h3 Bxe2 18. Qxe2 Nb4 19. a3 Nd3 20. Rc2 a6 21.
Nc1 Nxc1 22. Rdxc1 h5 23. Na4 h4 24. Qd2 g6 25. Qb4 Qxb4 26. axb4 Rd7 27. Rc7 Rfd8 28. Nb6 Rxc7 29. Rxc7 Rb8 30. Nd7 Nxd7 31. Rxd7 Rc8 32. Rxd5 Rc1+ 33. Kh2 Rc2 34. Rd7 Rxf2 35. Rxb7 Rxb2 36.
Re7 f5 37. Re6 Kf7 38. Rxa6 Rxb4 39. Ra3 Rb1 40. Rc3 Kf6 41. Rc2 Re1 42. Rc3 Rd1 43. Rc2 Rd3 44. Re2 Kg5 45. g3 hxg3+ 46. Kxg3 f4+ 47.
Kf2 fxe3+ 48. Rxe3 Rd2+ 49. Kg3 Rxd4 50. Re2 Rd3+ 51.
Kg2 Kf4 52. Rf2+ Rf3 53. Ra2 Rg3+ 54. Kh2 g5 55. Ra8 Rf3 56. Kg2 Rg3+ 57. Kh2 Rd3 58. Rf8+ Ke5 59. Rg8 e3 60. Rxg5+ Kf4 61. Rg8 e2 0-1

[Event "Live Chess"]
[Site "Chess.com"]
[Date "2024.06.02"]
[Round "-"]
[White "IgorSchukin"]
[Black "ACM42"]
[Result "0-1"]
[WhiteElo "1744"]
[BlackElo "2168"]
[TimeControl "300"]
[EndTime "16:55:09 PDT"]
[Termination "ACM42 won on time"]

1. e4 e6 2. Nf3 c5 3. Nc3 Nc6 4.
Bb5 Nge7 5. O-O a6 6. Be2 g6 7. d4 cxd4 8. Nxd4 Bg7 9. Be3 O-O 10.
Qd2 b5 11. a3 Bb7 12. Rad1 Qc7 13. Bh6 Bxd4 14. Bxf8 Rxf8 15. Kh1 Rd8 16. f4 d5 17. e5 Na5 18. Nb1 Bb6 19. c3 Nc4 20. Bxc4 bxc4 21.
Qe2 Nf5 22. Rf3 h5 23. Nd2 d4 24. Rh3 d3 25. Qe1 Ne3 26. Rxe3 Bxe3 27. Qxe3 Qc6 28.
Nf3 Qb5 29. Rd2 Bxf3 30. Qxf3 Qd5 31. Qxd5 exd5 32. h3 d4 33. cxd4 Rxd4 34. g3 a5 35. Kg2 Re4 36. Kf3 Re1 37. g4 h4 38. Kf2 Rh1 39. Kg2 Rc1 40. Kf3 a4 41. Ke4 Rh1 42. Kd5 Rxh3 43. Kxc4 Rf3 44. b4 axb3 45. f5 gxf5 46.
gxf5 Rxf5 47. Kxb3 Rxe5 48. Rxd3 Rh5 49. Rh3 Kf8 50.
a4 Ke7 51. Kb4 Kd6 52. a5 Kc6 53. Rc3+ Kb7 54. Rh3 Ka6 55. Rf3 h3 56. Rf6+ Kb7 57. Rxf7+ Kb8 58. Rf1 h2 59. Rh1 Kb7 60. Ka4 Kc6 0-1

[Event "Live Chess"]
[Site "Chess.com"]
[Date "2024.06.02"]
[Round "-"]
[White "oscalik"]
[Black "Dhaydon19"]
[Result "0-1"]
[WhiteElo "2279"]
[BlackElo "2677"]
[TimeControl "300"]
[EndTime "16:55:09 PDT"]
[Termination "Dhaydon19 won on time"]

1. e4 e6 2. d4 d5 3. Nd2 dxe4 4. Nxe4 Be7 5. Nf3 Nd7 6. Bd3 Ngf6 7. Qe2 c5 8. c3 cxd4 9. Nxd4 Qc7 10. O-O a6 11.
Ng5 Nc5 12. Bc2 h6 13. Ngf3 b5 14. g3 Bb7 15. Bf4 Bd6 16. Bxd6 Qxd6 17. Rad1 Qc7 18. Qe5 Rc8 19. Qxc7 Rxc7 20. Ne5 O-O 21. f3 Nd5 22. Kf2 Nf6 23. Rd2 Rfc8 24. Rfd1 Kf8 25. Nb3 Nxb3 26.
Bxb3 Ke7 27. h4 g6 28. g4 g5 29. hxg5 hxg5 30. Rh1 Rc5 31. Re2 Rxe5 32. Rxe5 Nxg4+ 33. fxg4 Bxh1 34. Rxg5 Rd8 35. Ke3 Bc6 36. Rh5 Rg8 37. Kf4 Rg6 38. g5 Rg8 39. Bc2 Bd5 40. a4 bxa4 41. Bxa4 Rb8 42. Rh7 Rg8 43. Bc2 Kf8 44. b3 a5 45. c4 Bc6 46. g6 Be8 47. Ke5 fxg6 48. Kxe6 g5 49. Kf6 g4 50. c5 g3 51.
Be4 g2 52. Bxg2 Rg6+ 53. Ke5 Rxg2 54. Rh8+ Ke7 55. Rh7+ Bf7 56. c6 Rc2 0-1

[Event "Live Chess"]
[Site "Chess.com"]
[Date "2024.06.02"]
[Round "-"]
[White "WelshTiger"]
[Black "NeilDruggan73"]
[Result "1-0"]
[WhiteElo "2454"]
[BlackElo "1740"]
[TimeControl "300"]
[EndTime "16:55:16 PDT"]
[Termination "WelshTiger won on time"]

1. e4 d6 2. d4 Nf6 3. Nc3 g6 4.
f4 Bg7 5. Nf3 O-O 6. Bd3 Nc6 7.
e5 dxe5 8. fxe5 Nd7 9. Be3 Nb6 10. O-O Bg4 11. Ne2 Nd5 12. Bd2 Ncb4 13. Be4 c6 14. c3 Na6 15. h3 Bd7 16. b4 f5 17. exf6 exf6 18. Bd3 Re8 19. Qc1 h5 20. Nf4 Nxf4 21. Bxf4 Kh7 22. Qc2 f5 23. Be5 Bf6 24. Rae1 Nc7 25.
Bxf6 Qxf6 26. Ne5 Rxe5 27. dxe5 Qg5 28. Bc4 Nd5 29. Bxd5 cxd5 30. Qc1 Qxc1 31. Rxc1 Be6 32. Kf2 b5 33. Ke3 Rc8 34. h4 Rc4 35. g3 Rg4 36.
Rf3 Kg7 37. Rg1 Re4+ 38. Kd3 Rxe5 39. Re3 Re4 40. Rxe4 dxe4+ 41. Kd4 Kf6 42. a4 a6 43. axb5 axb5 44. Ra1 Bc4 45. Ra6+ Kf7 46. Ke3 Kg7 47. Kf4 Kf7 48. Rd6 Ke7 49. Rxg6 Kf7 50. Rd6 1-0

[Event "Live Chess"]
[Site "Chess.com"]
[Date "2024.06.02"]
[Round "-"]
[White "Plato_77"]
[Black "Queensandpawns"]
[Result "0-1"]
[WhiteElo "1301"]
[BlackElo "2308"]
[TimeControl "300"]
[EndTime "16:55:42 PDT"]
[Termination "Queensandpawns won by resignation"]

1. d4 e5 2. dxe5 Nc6 3. Nf3 Qe7 4. e4 Nxe5 5. Nc3 Nxf3+ 6. Qxf3 d6 7. Bc4 Nf6 8. Bg5 Be6 9. Bxe6 fxe6 10. O-O O-O-O 11. a4 h6 12. Qf4 hxg5 13. Qxg5 g6 0-1

[Event "Live Chess"]
[Site "Chess.com"]
[Date "2024.06.02"]
[Round "-"]
[White "Tushinskiy"]
[Black "AlexanderMatlak"]
[Result "1-0"]
[WhiteElo "2228"]
[BlackElo "2402"]
[TimeControl "300"]
[EndTime "16:55:43 PDT"]
[Termination "Tushinskiy won on time"]

1. d4 Nf6 2. c3 g6 3. Nf3 Bg7 4. Bf4 O-O 5. Bg3 d6 6. Nbd2 c5 7. e3 b6 8. Bd3 Bb7 9. Qe2 Nbd7 10. O-O a6 11. Rad1 b5 12. e4 Nh5 13. e5 Nxg3 14. hxg3 cxd4 15. cxd4 dxe5 16. dxe5 Nc5 17. Bb1 Qb6 18.
Ne4 Nxe4 19. Bxe4 Bxe4 20. Qxe4 e6 21. Rd6 Qc5 22. Rfd1 a5 23. Rc6 Qa7 24. Rdc1 Rad8 25.
Qe2 Rd5 26. Rc7 Qb8 27. R1c6 h6 28. Qc2 b4 29. Rc8 Qb5 30. Rxf8+ Bxf8 31. Rc8 Kg7 32. Rc7 Rd7 33. Rc4 Be7 34. b3 Qd5 35. Kh2 g5 36.
Qe2 a4 37. Nd4 axb3 38. axb3 Bc5 39. Nf3 Be7 40. Rd4 Qb7 41. Qd3 Rxd4 42. Nxd4 Qc7 43. f4 Qc3 44. Qe4 Bc5 45. Ne2 Qd2 46. fxg5 hxg5 47.
Qg4 Qe3 48. Kh3 Qxe5 49. Nf4 Qf5 50. Qxf5 exf5 51. Nd5 Bd6 52. g4 Kg6 53. g3 fxg4+ 54. Kxg4 f5+ 55. Kf3 f4 56. g4 Kf7 57. Ke4 Ke6 58. Nb6 1-0

[Event "Live Chess"]
[Site "Chess.com"]
[Date "2024.06.02"]
[Round "-"]
[White "StoreySniper"]
[Black "toog"]
[Result "1-0"]
[WhiteElo "2544"]
[BlackElo "2596"]
[TimeControl "300"]
[EndTime "16:56:14 PDT"]
[Termination "StoreySniper won by resignation"]

1. e4 e6 2. d4 d5 3. Nd2 Nc6 4. Ngf3 Nf6 5. e5 Nd7 6. c3 f6 7. exf6 Qxf6 8. Bb5 Bd6 9. O-O O-O 10. Re1 e5 11. Bxc6 bxc6 12. dxe5 Nxe5 13. Rf1 Bg4 14. h3 Bh5 15. Re1 Nxf3+ 16. Nxf3 Bxf3 17. Qxf3 Qxf3 18. gxf3 Rxf3 19. Kg2 Raf8 20. Be3 a6 21. Rad1 R3f6 22. c4 Rg6+ 23. Kf1 dxc4 24. Rd4 Rf3 25. Rxc4 Rxh3 26. Ke2 Rh5 27. Rxc6 a5 28. Ra6 Rb5 29.
b3 h5 30. Rh1 Kh7 31. a4 Rf5 32. Bd2 Bb4 33. Rxg6 Kxg6 34. Bxb4 axb4 35. Rh4 c5 36. a5 Rf6 37. Rc4 Rc6 38. f4 Kf5 39. Kf3 g5 40. fxg5 Kxg5 41. Ke4 h4 42. Kd5 Ra6 43. Rxc5 h3 44. Kc4+ Kg4 45. Kxb4 Ra8 46. Ka4 Kf3 47. Rh5 Kg2 48. b4 h2 49. b5 h1=Q 50. Rxh1 Kxh1 51.
b6 Kg2 52. b7 1-0

[Event "Live Chess"]
[Site "Chess.com"]
[Date "2024.06.02"]
[Round "-"]
[White "dmitro74"]
[Black "Rusty_Bridges"]
[Result "1-0"]
[WhiteElo "1729"]
[BlackElo "1466"]
[TimeControl "300"]
[EndTime "16:56:47 PDT"]
[Termination "dmitro74 won on time"]

1. d4 g6 2. c4 Bg7 3. Nc3 e6 4. e4 Ne7 5. f4 Nbc6 6. Nge2 O-O 7. g3 b6 8. Bg2 Bb7 9. Be3 Rc8 10. O-O h5 11. h4 Kh7 12. a3 a5 13. d5 exd5 14.
cxd5 Na7 15. f5 Ba6 16. f6 Bh8 17. fxe7 Qxe7 18. Rf2 Nb5 19. Qd2 Nd6 20. Raf1 Nc4 21.
Qc1 Ne5 22. Bh6 Bg7 23. Bxg7 Kxg7 24. Qd2 Nc4 25. Qc1 Ne5 26. Rf3 Nxf3+ 27. Bxf3 f5 28. e5 Qxe5 29. Re1 Qf6 30. Kg2 Rce8 31. Nf4 Rxe1 32.
Qxe1 Rf7 33. Qd2 Re7 34. Bxh5 Qd6 35. Bxg6 Bc4 36. Bxf5 c6 37. Qd4+ Qe5 38. Qxe5+ Rxe5 39. Bxd7 cxd5 40. Ne6+ 1-0

[Event "Live Chess"]
[Site "Chess.com"]
[Date "2024.06.02"]
[Round "-"]
[White "Duke_of_Bebington"]
[Black "wadsy27"]
[Result "0-1"]
[WhiteElo "1622"]
[BlackElo "2581"]
[TimeControl "300"]
[EndTime "16:56:51 PDT"]
[Termination "wadsy27 won by resignation"]

1. e4 c5 2. c3 d5 3. exd5 Qxd5 4.
Nf3 e6 5. Be2 Nf6 6. d4 Nc6 7. O-O cxd4 8. Nxd4 Nxd4 9. cxd4 Be7 10.
Nc3 Qd8 11. Bf4 O-O 12. Rc1 Bd7 13. Bf3 Bc6 14. Bxc6 bxc6 15. Qf3 Nd5 16. Nxd5 cxd5 17. Qg3 Bf6 18. Be5 Bxe5 19. Qxe5 Qb6 20. b3 Rac8 21. Qe3 h6 22. Rc3 Qa5 23. Rfc1 Rxc3 24. Qxc3 Qxa2 25. b4 a6 26. Qc5 Qb2 27. h3 Rb8 0-1

[Event "Live Chess"]
[Site "Chess.com"]
[Date "2024.06.02"]
[Round "-"]
[White "mychess51"]
[Black "gobbles19"]
[Result "0-1"]
[WhiteElo "1754"]
[BlackElo "2262"]
[TimeControl "300"]
[EndTime "16:56:57 PDT"]
[Termination "gobbles19 won by resignation"]

1. d4 Nf6 2. Nf3 e6 3. e3 c5 4. c3 Be7 5. Nbd2 O-O 6. Bd3 b6 7. O-O Bb7 8. Re1 d6 9. Qc2 Nc6 10. Ne4 h6 11. Nxf6+ Bxf6 12. Bd2 Rc8 13. Qa4 Qd7 14.
Rad1 Rfd8 15. Bc1 Nxd4 16. cxd4 Qxa4 0-1

[Event "Live Chess"]
[Site "Chess.com"]
[Date "2024.06.02"]
[Round "-"]
[White "ShanthamGrarks"]
[Black "raclement"]
[Result "0-1"]
[WhiteElo "1846"]
[BlackElo "1733"]
[TimeControl "300"]
[EndTime "16:57:23 PDT"]
[Termination "raclement won by resignation"]

1. d4 c5 2. d5 d6 3. c4 g6 4. Nc3 Bg7 5. Nf3 Nf6 6. e4 O-O 7. Be2 e6 8. h4 exd5 9. cxd5 h6 10. Bd2 Re8 11. Qc2 Bg4 12. Nh2 Bxe2 13. Kxe2 Qe7 14. f3 h5 15. Rae1 a6 16. a4 Nbd7 17.
a5 Ne5 18. Kf2 Qd7 19. Bg5 Rab8 20. f4 Nfg4+ 21. Nxg4 Nxg4+ 22. Kg3 b5 23. Rhf1 b4 24.
Nd1 Qb5 25. f5 Be5+ 26. Kh3 c4 27. fxg6 fxg6 28. Ne3 b3 29. Qxc4 Qxc4 30. Nxc4 Rf8 31. Rf3 Nf2+ 32. Rxf2 Rxf2 33. Be3 Rxb2 34. Nxb2 Bxb2 35. Rb1 Be5 36. Bb6 b2 37. g4 Rc8 38.
gxh5 Rc1 39. Rxb2 Bxb2 40. hxg6 Rc4 41. Bd8 Rxe4 42. h5 Be5 43. h6 Rd4 44. Bg5 Rxd5 45. Kg4 Rxa5 46. Bd2 Ra4+ 47. Kf5 Rh4 48. Ke6 Rg4 49. Kf5 Rg2 50. Be3 a5 51. Bc1 a4 52.
Ba3 Rg3 53. Bc1 a3 54. h7+ Kh8 55. Bf4 Rf3 56. g7+ Kxg7 57. h8=N Kxh8 58. Kg6 Rxf4 59. Kg5 a2 0-1

[Event "Live Chess"]
[Site "Chess.com"]
[Date "2024.06.02"]
[Round "-"]
[White "stevochess11"]
[Black "jk0110"]
[Result "1-0"]
[WhiteElo "1703"]
[BlackElo "1235"]
[TimeControl "300"]
[EndTime "16:57:48 PDT"]
[Termination "stevochess11 won on time"]

1. e4 e5 2. Bc4 f5 3. exf5 Nf6 4. Nf3 e4 5. Ne5 d5 6. Bb3 Bd6 7. d4 Bxf5 8. Nc3 c6 9. Bg5 O-O 10. O-O Nbd7 11. Qe2 Nxe5 12. dxe5 Bxe5 13. Bxf6 Qxf6 14. Nxe4 Bxe4 15. Qxe4 Rae8 16. Qf3 Qh6 17. Qh3 Qxh3 18. gxh3 Bxb2 19. Rab1 Bc3 20. a4 a5 21. Ba2 Rf3 22.
Rxb7 Rxh3 23. Rc7 h6 24. Rxc6 Be5 25. Bxd5+ Kh7 26. Be4+ Kh8 27. Bf5 Rh4 28. Re6 Bxh2+ 29. Kg2 Rf8 30. Bd3 Bc7 31. f3 Rh2+ 32. Kg1 Kg8 33. Bc4 Kh8 34. Re7 Bd6 35. Rd7 Bb8 36. Bd3 Rd2 37. Re1 1-0

[Event "Live Chess"]
[Site "Chess.com"]
[Date "2024.06.02"]
[Round "-"]
[White "RichardABates"]
[Black "MagnersCarlsberg2870"]
[Result "1-0"]
[WhiteElo "2311"]
[BlackElo "1771"]
[TimeControl "300"]
[EndTime "16:58:04 PDT"]
[Termination "RichardABates won by resignation"]

1. d4 d5 2. c4 e6 3. Nc3 Nf6 4.
cxd5 exd5 5. Bg5 Be7 6. e3 O-O 7. Bd3 h6 8. Bh4 b6 9. Nge2 Bb7 10. Qc2 Nbd7 11. O-O-O c5 12. h3 a5 13. g4 a4 14. a3 Ba6 15. Bxa6 Rxa6 16. g5 hxg5 17. Bxg5 Ne4 18. Bxe7 Qxe7 19. Nxd5 Qe6 20. Nc7 Qa2 21. Nxa6 Nxf2 22. Nc3 Qc4 23. Qxf2 Qxa6 24. d5 Ne5 25. Qe2 c4 26. Rhg1 Nd3+ 27. Kb1 b5 28. Qg2 g6 29.
Ne4 b4 30. d6 bxa3 31. Nf6+ Kg7 32. Qg5 Nxb2 33. Nh5+ Kh7 34. Qe5 f6 35. Nxf6+ Rxf6 36. Qxf6 a2+ 37. Kxa2 1-0

[Event "Live Chess"]
[Site "Chess.com"]
[Date "2024.06.02"]
[Round "-"]
[White "peteopeteo"]
[Black "alicechristina"]
[Result "0-1"]
[WhiteElo "1556"]
[BlackElo "1904"]
[TimeControl "300"]
[EndTime "16:59:21 PDT"]
[Termination "alicechristina won by resignation"]

1. e4 e5 2. Nf3 Nf6 3. Nc3 Nc6 4. Bc4 Nxe4 5. Nxe4 d5 6. Qe2 dxc4 7. O-O Bg4 8.
h3 Bh5 9. Ng3 Bg6 10. Re1 Bd6 11. Ne4 O-O 12. d3 cxd3 13. cxd3 Bh5 14. Ng3 Nd4 15.
Qe4 Nxf3+ 16. gxf3 Bg6 17. Qg4 Bc5 18. Rxe5 Bd6 19.
Re3 Qf6 20. Ne4 Bxe4 21. fxe4 Bc5 22. Rf3 Qb6 23. Be3 Bxe3 24. Rxe3 Qxb2 25. Rf1 Qxa2 26. f4 Rad8 27. f5 Qd2 28. Rff3 a5 29. Rg3 g6 30. h4 h5 31. Qxh5 Qxe3+ 32. Kg2 Qxg3+ 33. Kxg3 gxh5 0-1

[Event "Live Chess"]
[Site "Chess.com"]
[Date "2024.06.02"]
[Round "-"]
[White "mychess51"]
[Black "stevochess11"]
[Result "1-0"]
[WhiteElo "1803"]
[BlackElo "1696"]
[TimeControl "300"]
[EndTime "16:59:26 PDT"]
[Termination "mychess51 won by resignation"]

1. d4 Nf6 2. Nf3 g6 3. g3 Bg7 4.
Bg2 O-O 5. O-O d5 6. c3 c6 7. Re1 Nbd7 8. Nbd2 b6 9. e4 dxe4 10. Nxe4 Bb7 11. Bg5 c5 12. Nxf6+ Nxf6 13. dxc5 Qxd1 14. Raxd1 bxc5 15. Rxe7 Nd5 16. Rxb7 1-0

[Event "Live Chess"]
[Site "Chess.com"]
[Date "2024.06.02"]
[Round "-"]
[White "Sir_Sigmund"]
[Black "NAZRIZ1977"]
[Result "1-0"]
[WhiteElo "1864"]
[BlackElo "2152"]
[TimeControl "300"]
[EndTime "16:59:59 PDT"]
[Termination "Sir_Sigmund won by resignation"]

1. e4 c5 2. Be2 Nc6 3. d3 g6 4.
c3 Bg7 5. f4 d6 6. Na3 Nf6 7. Nf3 Bg4 8. O-O O-O 9. Qe1 Rb8 10.
Qh4 Bxf3 11. Rxf3 b5 12. Nc2 b4 13. Ne3 bxc3 14. bxc3 Qa5 15. Bd2 Rb2 16. Nc4 Qb5 17.
Nxb2 Qxb2 18. Rd1 Qxa2 19. Rh3 Na5 20. e5 Nh5 21. Bxh5 gxh5 22. Qxh5 Rb8 23. Qxh7+ Kf8 24. Rg3 Qc2 25. Qxg7+ Ke8 26. Qg8+ Kd7 27. Qg4+ Kc7 28. exd6+ exd6 29. Re3 Rb2 30. Re7+ Kb6 31. d4 cxd4 32. cxd4 Nc6 33. Rxf7 Nxd4 34. Be3 Rb1 35. Bxd4+ Ka6 36.
Rxb1 Qxb1+ 37. Kf2 Qc2+ 38. Qe2+ 1-0

[Event "Live Chess"]
[Site "Chess.com"]
[Date "2024.06.02"]
[Round "-"]
[White "bear856"]
[Black "RockTroll"]
[Result "1-0"]
[WhiteElo "2435"]
[BlackElo "2197"]
[TimeControl "300"]
[EndTime "17:00:07 PDT"]
[Termination "bear856 won by resignation"]

1. d4 Nf6 2. Nf3 g6 3. c4 Bg7 4. Nc3 d6 5. e4 O-O 6. Be2 e5 7.
Be3 exd4 8. Nxd4 Re8 9. f3 c6 10. Bf2 d5 11. exd5 cxd5 12. O-O Nc6 13. c5 Nh5 14. Qd2 Be5 15. g3 Ng7 16. Rfe1 Bf5 17. a3 Bxd4 18. Bxd4 Ne6 19. Bf2 d4 20. Nb5 d3 21.
Bf1 Qd5 22. b4 Qxf3 23. Bg2 Qh5 24. Nd6 Rf8 25. Qf4 Bh3 26. Qf3 Bxg2 27. Qxh5 gxh5 28. Kxg2 Ned4 29. Rad1 Nc2 30. Re4 f5 31. Rf4 Ne5 32.
Nxf5 Rad8 33. Nd6 Rxf4 34. gxf4 Ng4 35. Rxd3 b6 36. h3 Nf6 37. c6 1-0

[Event "Live Chess"]
[Site "Chess.com"]
[Date "2024.06.02"]
[Round "-"]
[White "toog"]
[Black "booktrunk"]
[Result "1-0"]
[WhiteElo "2596"]
[BlackElo "1479"]
[TimeControl "300"]
[EndTime "17:00:09 PDT"]
[Termination "toog won by resignation"]

1. Nf3 b6 2. g3 Bb7 3. Bg2 e6 4. O-O Nf6 5. d3 h6 6. e4 Be7 7. Nbd2 O-O 8. b3 a5 9. a4 d6 10. Bb2 Nbd7 11. Re1 e5 12. Nh4 Nh7 13. Nf5 Bf6 14.
Nc4 Re8 15. Bc1 Ndf8 16. Nce3 Ng6 17. Ng4 Bg5 18. h4 Bxc1 19. Qxc1 Bc8 20. Nge3 Bxf5 21. Nxf5 Nh8 22. Ne3 Qe7 23. Nd5 Qd7 24. Kh2 Re6 25. Bh3 Nf6 26. Nxf6+ gxf6 27. Qxh6 Qe8 28. Bxe6 fxe6 29. Qxf6 Qf7 30. Qxf7+ Kxf7 31. f4 exf4 32. gxf4 Rg8 33. Rg1 Ng6 34. f5 Nxh4 35. fxe6+ Kf8 36. Raf1+ 1-0

[Event "Live Chess"]
[Site "Chess.com"]
[Date "2024.06.02"]
[Round "-"]
[White "NeilDruggan73"]
[Black "Plato_77"]
[Result "1-0"]
[WhiteElo "1741"]
[BlackElo "1299"]
[TimeControl "300"]
[EndTime "17:00:15 PDT"]
[Termination "NeilDruggan73 won by resignation"]

1. d4 Nf6 2. Bg5 e6 3. e4 h6 4. Bxf6 Qxf6 5. c3 d5 6. Nd2 c5 7. Ngf3 cxd4 8. Nxd4 Nc6 9. Bb5 Bd7 10. O-O a6 11.
Bxc6 bxc6 12. exd5 cxd5 13. N2f3 Bc5 14. Re1 O-O 15. Ne5 Bc8 16. Ndf3 Rd8 17. b4 Bd6 18.
Qa4 Bd7 19. Nxd7 1-0